 Dungeon Crawl Stone Soup version 0.30-a0-121-gb27577e5d9 (webtiles) character file.

Game seed: 17808194895637094916

28406 testman the Markself (level 13, -5/52 (77) HPs)
             Began as a Deep Elf Hunter on Sept 14, 2022.
             Was an Elder of Hepliaklqana.
             Killed from afar by a shadow dragon (47 damage)
             ... with a bolt of negative energy
             ... on level 12 of the Dungeon.
             The game lasted 01:15:55 (16631 turns).

testman the Markself (Deep Elf Hunter)             Turns: 16631, Time: 01:15:59

HP:   -5/52 (77)    AC: 17    Str: 12    XL:     13   Next: 9%
MP:   0/21          EV: 18    Int: 19    God:    Hepliaklqana [****..]
Gold: 909           SH:  4    Dex: 21    Spells: 12/12 levels left

rFire   + . .      SeeInvis .    G - +6 sling (vorpal)
rCold   . . .      Faith    .    M - +0 buckler
rNeg    . . .      Spirit   +    z - +0 steam dragon scales
rPois   +          Reflect  .    I - +1 helmet "Woawey" {Harm Regen+ Int+4}
rElec   +          Harm     +    s - +2 cloak
rCorr   .          Rampage  .    N - +0 pair of gloves of Bog Zire {rElec Will++}
Will    +++..                    v - +1 pair of boots
Stlth   ++........               m - amulet of guardian spirit
HPRegen 0.97/turn                B - +4 ring of protection
MPRegen 0.17/turn                L - ring of protection from fire

@: studying Long Blades, very heavily drained
A: reduced essence, poison resistance, strong 1
a: Renounce Religion, Recall Ancestor, Ancestor Identity, Transference, Idealise


You were on level 12 of the Dungeon.
You worshipped Hepliaklqana.
Hepliaklqana was greatly pleased with you.
You visited 2 branches of the dungeon, and saw 13 of its levels.
You also visited: Sewer, Bailey and Gauntlet.

You collected 1019 gold pieces.
You spent 110 gold pieces at shops.

Inventory:

Hand Weapons
 a - a +0 shortbow
 G - a +6 vorpal sling (weapon)
Missiles
 t - 2 boomerangs
Armour
 p - a +2 helmet
 s - a +2 cloak (worn)
 v - a +1 pair of boots (worn)
 z - +0 steam dragon scales (worn)
 I - the +1 helmet "Woawey" (worn) {Harm Regen+ Int+4}
   (You found it in a Gauntlet)

   Int:       It affects your intelligence (+4).
   Regen:     It increases your rate of health regeneration.
   Harm:      It increases damage dealt and taken.
 M - a +0 buckler (worn)
 N - the +0 pair of gloves of Bog Zire (worn) {rElec Will++}
   (You found it in a Gauntlet)

   rElec:     It insulates you from electricity.
   Will:      It greatly increases your willpower.
Jewellery
 l - an amulet of magic regeneration
 m - an amulet of guardian spirit (around neck)
 B - a +4 ring of protection (left hand)
 C - an amulet of reflection
 K - the ring "Voeziuhu" {Fly rF- rCorr AC+4 Dex-5}
   (You found it in a Gauntlet)

   [ring of protection]

   AC:        It affects your AC (+4).
   Dex:       It affects your dexterity (-5).
   rF:        It makes you vulnerable to fire.
   Fly:       It grants you flight.
   rCorr:     It protects you from acid and corrosion.
 L - a ring of protection from fire (right hand)
 O - a ring of see invisible
 R - a +6 ring of intelligence
 T - a ring of ice
Wands
 h - a wand of paralysis (8)
 i - a wand of flame (70)
 Q - a wand of acid (5)
 S - a wand of iceblast (14)
Scrolls
 b - 3 scrolls of immolation
 d - 5 scrolls of teleportation
 e - 2 scrolls of butterflies
 f - a scroll of brand weapon {unknown}
 g - 2 scrolls of blinking {unknown}
 j - a scroll of fear {unknown}
 x - 4 scrolls of vulnerability
 A - 3 scrolls of amnesia
 D - 2 scrolls of poison
 E - 4 scrolls of noise {unknown}
 P - a scroll of enchant armour
Potions
 c - 2 potions of lignification
 k - 3 potions of haste
 n - 4 potions of resistance
 o - 2 potions of cancellation
 q - 3 potions of flight
 r - 2 potions of brilliance
 u - 2 potions of mutation
 w - 2 potions of might
 F - 2 potions of degeneration {unknown}
 H - a potion of heal wounds
 J - a potion of attraction
 U - a potion of curing {unknown}
Miscellaneous
 y - a lightning rod (4/4)


   Skills:
 + Level 12.0 Fighting
 + Level 18.4 Ranged Weapons
 + Level 9.5 Dodging
 - Level 1.2 Stealth
 + Level 8.2 Invocations


You had 12 spell levels left.
You didn't know any spells.
Your spell library contained the following spells:

 Spells                   Type           Power      Damage    Failure   Level
 Apportation              Tloc           0%         N/A       28%         1
 Foxfire                  Conj/Fire      0%         2x1d4     28%         1
 Necrotise                Necr           0%         1d4       28%         1
 Summon Small Mammal      Summ           0%         N/A       28%         1
 Ignite Poison            Fire/Tmut/Pois 0%         N/A       63%         3
 Inner Flame              Hex/Fire       0%         N/A       63%         3
 Kindle Blastsparks       Fire/Tloc/Air  0%         2d10      63%         3
 Mephitic Cloud           Conj/Pois/Air  0%         N/A       63%         3
 Cause Fear               Hex            0%         N/A       95%         4
 Flame Wave               Conj/Fire      0%         2d4       95%         4
 Passage of Golubria      Tloc           0%         N/A       95%         4
 Fireball                 Conj/Fire      0%         3d3       100%        5
 Freezing Cloud           Conj/Ice/Air   0%         6-21      100%        5
 Silence                  Hex/Air        0%         N/A       100%        5
 Dragon Form              Tmut           0%         N/A       100%        7
 Lehudib's Crystal Spear  Conj/Erth      0%         10d2      100%        8
 Chain Lightning          Conj/Air       0%         N/A       100%        9
 Dragon's Call            Summ           0%         N/A       100%        9


Dungeon Overview and Level Annotations

Branches:
Dungeon (12/15)            Temple (1/1) D:6            Lair (0/5) D:11
    Orc (0/2) D:10          Sewer (visited)          Bailey (visited)
Gauntlet (visited)

Altars:
Ashenzari
Cheibriados
Dithmenos
Elyvilon
Fedhas
Gozag
Hepliaklqana
Kikubaaqudgha
Makhleb
Nemelex Xobeh
Okawaru
Qazlal
Ru
Sif Muna
Trog
Uskayaw
Vehumet
Wu Jian
Xom
Yredelemnul
Zin
The Shining One

Shops:
D:4 *   D:10 [


Innate Abilities, Weirdness & Mutations

Your life essence is reduced to manifest your ancestor. (-10% HP)
Your system is resistant to poisons. (rPois)
Your muscles are strong. (Str +4, Int/Dex -1)


Message History

You shoot a sling bullet.
The sling bullet hits the shadow dragon!
The shadow dragon is heavily wounded.
The shadow dragon bites Rodica!
The shadow dragon claws Rodica!
Rodica is destroyed!
You shoot a sling bullet.
The sling bullet hits the shadow dragon!
The shadow dragon is severely wounded.
You shoot a sling bullet.
The sling bullet hits the shadow dragon but does no damage.
The shadow dragon is severely wounded.
You shoot a sling bullet.
The sling bullet hits the shadow dragon but does no damage.
The shadow dragon is severely wounded.
You shoot a sling bullet.
The sling bullet hits the shadow dragon.
The shadow dragon is severely wounded.
The shadow dragon misses you.
The shadow dragon completely misses you.
The shadow dragon barely misses you.
You shoot a sling bullet.
The sling bullet hits the shadow dragon!
The shadow dragon is almost dead.
The shadow dragon breathes negative energy at you.
The bolt of negative energy misses you.
You shoot a sling bullet.
The sling bullet hits the shadow dragon.
The shadow dragon is almost dead.
The shadow dragon bites you.
You feel drained. The shadow dragon closely misses you.
The shadow dragon claws you!
You shoot a sling bullet.
The sling bullet hits the shadow dragon but does no damage.
The shadow dragon is almost dead.
You shoot a sling bullet.
The sling bullet hits the shadow dragon.
The shadow dragon is almost dead.
The shadow dragon breathes negative energy at you.
The bolt of negative energy hits you!!!
You feel drained.
Ouch! That really hurt!
You die...

..).#### #......###.#R#####.#
....#######............#.....#
#+#..........#+#.###...#.#####
#.#.##########.....#####.###
#.#.#.[.>..........+.......####..
....#..#..####.....#####.........
....#..#...รทรท'..<#.##......####..
....#..#..####...#.##.......##
....#..#..####.D@#.##...........
###+#...R.................).....
.....#..#######################.#
.....+.#.....RD......)......## .
.....#.#......c..............#
.....#.#....##############....#
.....#.#............ ....#
.....#.#..#....#### #..#
###'##.#..#...## ..#


You could see a shadow dragon (catching breath).

Vanquished Creatures
  A minotaur (Gauntlet)
  2 vault guards (Bailey)
  A hydra (D:12)
  Urug (D:10)
  A death yak (D:11)
  3 two-headed ogres
  A tengu warrior (D:12)
  A sixfirhy (D:10)
  Pikel (D:5)
  A deep elf pyromancer (D:11)
  A manticore (D:11)
  Joseph (D:10)
  A gargoyle (D:10)
  An unseen horror (D:12)
  An orange demon (D:10)
  A kobold demonologist (D:11)
  2 ice devils
  A troll (D:11)
  Prince Ribbit (Bailey)
  Grinder (D:4)
  A hornet (D:9)
  2 raiju (Gauntlet)
  A wyvern (D:6)
  15 yaks
  A wraith (D:11)
  Eustachio (D:6)
  3 humans (Bailey)
  Grum (D:10)
  2 steam dragons
  3 vampire mosquitoes (D:11)
  Duvessa (D:7)
  3 orc warriors
  A black bear (D:6)
  An ice beast (D:6)
  A sky beast (D:5)
  2 wolves (D:10)
  2 ogres (D:6)
  4 centaurs
  5 kobold brigands
  11 bullfrogs
  A necrophage (D:6)
  2 scorpions
  6 wights
  Dowan (D:7)
  9 killer bees
  6 howler monkeys
  3 quasits (D:10)
  4 hounds
  3 orc priests
  4 gnoll boudas
  Crazy Yiuf (D:4)
  Ijyb (D:2)
  Natasha (thrice) (D:2)
  Terence (D:3)
  5 iguanas
  2 lightning spires (Gauntlet)
  11 orc wizards
  Robin (D:4)
  21 gnolls
  5 river rats
  15 adders
  4 white imps
  3 ufetubi
  5 worms
  2 dart slugs
  32 orcs
  12 endoplasms
  3 giant cockroaches
  22 goblins
  13 hobgoblins
  4 jackals (D:3)
  20 kobolds
  5 quokkas
  12 ball pythons
  3 bats
  4 frilled lizards
  9 rats
343 creatures vanquished.

Vanquished Creatures (collateral kills)
  Fannar (D:12)
  A great orb of eyes (Gauntlet)
  2 death yaks (D:11)
  A tengu warrior (D:12)
  2 ugly things (Gauntlet)
  A manticore (D:11)
  A rust devil (D:10)
  A minotaur zombie (Gauntlet)
  A smoke demon (D:10)
  A kobold demonologist (D:11)
  A hellwing (D:10)
  A hornet (D:7)
  A wraith (D:10)
  3 humans (Bailey)
  9 yaks
  3 vampire mosquitoes (D:11)
  An orc warrior (Bailey)
  A centaur (D:8)
  5 bullfrogs (Bailey)
  A gnoll sergeant (D:9)
  A wight (D:9)
  A howler monkey (D:11)
  2 quasits (D:10)
  An orc priest (D:8)
  An orc wizard (D:8)
  2 gnolls (D:9)
  A white imp (Gauntlet)
  8 orcs
  A kobold (D:11)
56 creatures vanquished.

Vanquished Creatures (others)
  2 ancestors (D:8)
  6 knights
  15 demonic plants
  5 plants
28 creatures vanquished.

Grand Total: 427 creatures vanquished

Notes
Turn   | Place    | Note
-------+----------+-------------------------------------------
     0 | D:1      | testman the Deep Elf Hunter began the quest for the Orb.
     0 | D:1      | Reached XP level 1. HP: 12/12 MP: 3/3
   240 | D:1      | Found a faded altar of an unknown god.
   364 | D:1      | Reached XP level 2. HP: 17/17 MP: 4/4
  1140 | D:2      | Reached skill level 6 in Ranged Weapons
  1145 | D:2      | Reached XP level 3. HP: 22/22 MP: 5/5
  1411 | D:2      | Noticed Ijyb
  1428 | D:2      | Killed Ijyb
  1429 | D:2      | Reached XP level 4. HP: 7/27 MP: 6/6
  1714 | D:2      | Noticed Natasha
  1718 | D:2      | Gained mutation: You have a beak for a mouth. [potion of
                  | mutation]
  1718 | D:2      | Gained mutation: Your body sometimes deteriorates upon
                  | taking damage. [potion of mutation]
  1718 | D:2      | Gained mutation: You occasionally lose the ability to drink
                  | potions when taking damage. [potion of mutation]
  1723 | D:2      | HP: 1/27 [Natasha/magic dart (6)]
  1724 | D:2      | Killed Natasha
  1795 | D:2      | Noticed Natasha
  2365 | D:2      | Killed Natasha
  2366 | D:2      | Reached skill level 7 in Ranged Weapons
  2366 | D:2      | Reached XP level 5. HP: 26/32 MP: 7/7
  2393 | D:2      | Noticed Natasha
  2401 | D:2      | Killed Natasha
  2483 | D:3      | Noticed Terence
  2486 | D:3      | Killed Terence
  3425 | D:4      | Found Sylihuros's Assorted Antiques.
  3433 | D:4      | Bought a dented steel amulet for 110 gold pieces
  3459 | D:4      | Found a glowing drain.
  3616 | Sewer    | Entered a sewer
  3680 | Sewer    | Reached XP level 6. HP: 37/38 MP: 6/8
  4010 | Sewer    | Reached skill level 8 in Ranged Weapons
  4621 | D:4      | Noticed Robin
  4627 | D:4      | Killed Robin
  4963 | D:4      | Noticed Grinder
  4972 | D:4      | Reached XP level 7. HP: 44/44 MP: 9/9
  5093 | D:4      | Found a runed translucent door.
  5094 | D:4      | Noticed Crazy Yiuf
  5107 | D:4      | Killed Crazy Yiuf
  5257 | D:4      | Paralysed by Grinder for 2 turns
  5264 | D:4      | Killed Grinder
  5265 | D:4      | Reached skill level 5 in Fighting
  5265 | D:4      | Reached skill level 9 in Ranged Weapons
  5522 | D:4      | Lost mutation: You occasionally lose the ability to drink
                  | potions when taking damage. [potion of mutation]
  5522 | D:4      | Lost mutation: Your body sometimes deteriorates upon taking
                  | damage. [potion of mutation]
  5522 | D:4      | Lost mutation: You have a beak for a mouth. [potion of
                  | mutation]
  5522 | D:4      | Gained mutation: Your magical capacity is low. (-10% MP)
                  | [potion of mutation]
  5522 | D:4      | Gained mutation: Your muscles are strong. (Str +4, Int/Dex
                  | -1) [potion of mutation]
  5522 | D:4      | Lost mutation: Your magical capacity is low. (-10% MP)
                  | [potion of mutation]
  5522 | D:4      | Gained mutation: Your system is resistant to poisons.
                  | (rPois) [potion of mutation]
  5620 | D:5      | Entered Level 5 of the Dungeon
  5733 | D:5      | Got the Grimoire of Confrontation
  5762 | D:5      | Reached skill level 10 in Ranged Weapons
  5771 | D:5      | Reached XP level 8. HP: 51/51 MP: 10/10
  6027 | D:5      | Found an ornate altar of the Wu Jian Council.
  6027 | D:5      | Found a shimmering altar of Xom.
  6229 | D:5      | Noticed Pikel
  6257 | D:5      | Killed Pikel
  6258 | D:5      | Reached skill level 11 in Ranged Weapons
  6644 | D:5      | Reached skill level 12 in Ranged Weapons
  6644 | D:5      | Reached XP level 9. HP: 57/57 MP: 11/11
  7599 | D:6      | Noticed Eustachio
  7618 | D:6      | Killed Eustachio
  7910 | D:6      | Found a staircase to the Ecumenical Temple.
  7919 | Temple   | Entered the Ecumenical Temple
  8126 | Temple   | Became a worshipper of Hepliaklqana the Forgotten
  8164 | D:6      | Reached skill level 13 in Ranged Weapons
  8292 | D:6      | HP: 1/59 [wyvern (9)]
  8731 | D:7      | Found a flagged portal.
  8749 | Bailey   | Entered a bailey
  8838 | Bailey   | Reached skill level 14 in Ranged Weapons
  8846 | Bailey   | Reached XP level 10. HP: 50/65 MP: 9/12
  9332 | Bailey   | Noticed Prince Ribbit
  9332 | Bailey   | Noticed a vault guard
  9343 | Bailey   | Killed Prince Ribbit
  9344 | Bailey   | Reached skill level 15 in Ranged Weapons
  9418 | Bailey   | Killed a vault guard
  9572 | Bailey   | Noticed a vault guard
  9625 | Bailey   | Killed a vault guard
  9626 | Bailey   | Reached skill level 10 in Fighting
  9909 | D:7      | Noticed Duvessa
  9911 | D:7      | Noticed Dowan
  9927 | D:7      | Killed Duvessa
  9934 | D:7      | Killed Dowan
 10323 | D:7      | Reached * piety under Hepliaklqana
 10783 | D:7      | Reached skill level 16 in Ranged Weapons
 11214 | D:8      | Noticed a two-headed ogre
 11224 | D:8      | Killed a two-headed ogre
 11225 | D:8      | Reached skill level 1 in Invocations
 11225 | D:8      | Reached XP level 11. HP: 65/65 MP: 12/14
 11766 | D:8      | Reached ** piety under Hepliaklqana
 11767 | D:8      | Remembered your ancestor Rodica as a knight
 12485 | D:10     | Entered Level 10 of the Dungeon
 12505 | D:10     | Noticed Grum
 12515 | D:10     | Killed Grum
 12868 | D:10     | Found Cuaclo's Armour Boutique.
 12870 | D:10     | Noticed Joseph
 12882 | D:10     | Killed Joseph
 12896 | D:10     | Noticed a two-headed ogre
 12902 | D:10     | Killed a two-headed ogre
 12930 | D:10     | Noticed a sixfirhy
 12936 | D:10     | Killed a sixfirhy
 12939 | D:10     | Reached skill level 5 in Dodging
 13600 | D:10     | Found a staircase to the Orcish Mines.
 13635 | D:10     | Noticed Urug
 13771 | D:10     | Killed Urug
 13815 | D:10     | Reached skill level 17 in Ranged Weapons
 13846 | D:10     | Reached skill level 5 in Invocations
 14109 | D:11     | Reached *** piety under Hepliaklqana
 14388 | D:11     | Reached XP level 12. HP: 72/72 MP: 16/18
 14397 | D:11     | Found a gate leading to a gauntlet.
 14406 | Gauntlet | Entered a Gauntlet
 14406 | Gauntlet | Found a transporter.
 14406 | Gauntlet | Found a transporter.
 14406 | Gauntlet | Found a transporter.
 14408 | Gauntlet | Found a transporter.
 14411 | Gauntlet | Found a transporter.
 14411 | Gauntlet | Found a transporter.
 14413 | Gauntlet | Found a large runed translucent door.
 14414 | Gauntlet | Found a large runed translucent door.
 14415 | Gauntlet | Found a large runed translucent door.
 14415 | Gauntlet | Found a large runed translucent door.
 14415 | Gauntlet | Found a runed translucent door.
 14416 | Gauntlet | Found a large runed translucent door.
 14416 | Gauntlet | Noticed a great orb of eyes
 14417 | Gauntlet | Found a large runed translucent door.
 14418 | Gauntlet | Found a large runed translucent door.
 14418 | Gauntlet | Found a large runed translucent door.
 14419 | Gauntlet | Found a runed translucent gate.
 14425 | Gauntlet | Found a transporter.
 14425 | Gauntlet | Found a transporter.
 14426 | Gauntlet | Noticed a quicksilver ooze
 14446 | Gauntlet | Found a transporter.
 14529 | Gauntlet | Found a large runed translucent door.
 14530 | Gauntlet | Found a large runed translucent door.
 14531 | Gauntlet | Found a large runed translucent door.
 14531 | Gauntlet | Found a large runed translucent door.
 14531 | Gauntlet | Found a runed translucent door.
 14532 | Gauntlet | Found a large runed translucent door.
 14533 | Gauntlet | Found a large runed translucent door.
 14534 | Gauntlet | Found a large runed translucent door.
 14534 | Gauntlet | Found a large runed translucent door.
 14535 | Gauntlet | Found a runed translucent gate.
 14535 | Gauntlet | Found a runed translucent gate.
 14537 | Gauntlet | Found a transporter.
 14541 | Gauntlet | Found a transporter.
 14551 | Gauntlet | Found a transporter.
 14634 | Gauntlet | Identified the +1 helmet "Woawey" {Harm Regen+ Int+4}
 14667 | Gauntlet | Killed a great orb of eyes
 14685 | Gauntlet | Identified the ring "Voeziuhu" {Fly rF- rCorr AC+4 Dex-5}
 14725 | Gauntlet | Identified the +0 pair of gloves of Bog Zire {rElec Will++}
 15090 | Gauntlet | Identified the +6 bardiche "Ifaypsich" {drain, rC+ rN+}
 15090 | Gauntlet | Noticed a minotaur
 15108 | Gauntlet | Killed a minotaur
 15118 | Gauntlet | Identified the +8 spear "Dearhic" {vorpal, rElec}
 15186 | D:11     | Noticed a death yak
 15194 | D:11     | Noticed a death yak
 15195 | D:11     | Noticed a two-headed ogre
 15203 | D:11     | Noticed a death yak
 15223 | D:10     | Killed a two-headed ogre
 15273 | D:11     | Found a staircase to the Lair.
 15282 | D:11     | Noticed a boulder beetle
 15565 | D:11     | Reached **** piety under Hepliaklqana
 15698 | D:11     | Killed a death yak
 15699 | D:11     | Reached skill level 18 in Ranged Weapons
 15702 | D:11     | Killed a death yak
 15706 | D:11     | Killed a death yak
 15915 | D:12     | Found a shadowy altar of Dithmenos.
 16038 | D:12     | Noticed a tengu warrior
 16045 | D:12     | Noticed a seven-headed hydra
 16054 | D:12     | Killed a tengu warrior
 16057 | D:12     | Killed a seven-headed hydra
 16103 | D:12     | Noticed a shadow dragon
 16107 | D:12     | Noticed a yaktaur captain
 16238 | D:12     | Noticed Fannar
 16253 | D:12     | Killed Fannar
 16254 | D:12     | Reached XP level 13. HP: 66/75 MP: 17/21
 16631 | D:12     | Killed from afar by a shadow dragon

Illustrated notes

Levels and vault maps discovered:
D:1:      amcnicky_arrival_underground_garden, layout_basic,
          shapermc_ecumenical_altar_starsandcircs, serial_forest,
          infiniplex_forest_zigzag_2, infiniplex_forest_clump_tiny,
          infiniplex_forest_zigzag_1, infiniplex_forest_clump_long,
          infiniplex_forest_pool, infiniplex_forest_end_1,
          infiniplex_forest_lined_room_2, infiniplex_forest_straight_2
D:2:      kennysheep_the_goblin_king, layout_basic, uniq_natasha
D:3:      layout_loops_corners, dk_noncrumbling_2, uniq_terence
D:4:      minmay_diamond_boxcup, layout_loops_cross, portal_sewer_entry_c,
          serial_shops, nicolae_shop_advertising_works
          [nicolae_subvault_shop_adworks], hangedman_feature_mirror,
          amcnicky_mini_pool_small, kennysheep_potato, uniq_robin, uniq_ijyb,
          uniq_crazy_yiuf_cottage, uniq_grinder
D:5:      layout_rooms, gammafunk_temple_overflow_pools, serial_bayou_lagoon_a,
          uniq_pikel
D:6:      layout_gridville, minmay_temple_entry_wispy, uniq_eustachio
D:7:      layout_layer_cave, enter_bailey_4, grunt_ministairs_1, uniq_duvessa
D:8:      layout_cave_pods
D:9:      layout_gridville, serial_glass, glass_columns_a, glass_columns_a,
          glass_columns_b
D:10:     layout_loops_corners, orc_0_dummy, serial_demonic, serial_demonic_f,
          serial_demonic_a, serial_demonic_e, serial_demonic_a, serial_shops,
          shop, hive_lemuel, uniq_joseph, uniq_urug, uniq_grum
D:11:     layout_stronghold, dpeg_lair_monsters, gauntlet_entry_generic
D:12:     minmay_containers, layout_basic, special_room [special_room_orc],
          grunt_dithmenos_smoke, uniq_fannar
Temple:   nicolae_temple_bog_church

Skill      XL: |  1  2  3  4  5  6  7  8  9 10 11 12 13 |
---------------+----------------------------------------+-----
Fighting       | 2 3 4 5 7 8 10 11 12 | 12.0
Ranged Weapons | 6 7 8 10 12 14 16 17 18 | 18.4
Dodging        | 3 6 9 |  9.5
Invocations    | 1 5 8 |  8.2
Stealth        | |  1.2

Action                   |  1- 3 |  4- 6 |  7- 9 | 10-12 | 13-15 || total
-------------------------+-------+-------+-------+-------+-------++-------
 Fire: Shortbow          |    77 |   264 |   446 |   401 |       ||  1188
       Sling             |       |       |       |   447 |    55 ||   502
Invok: Recall Ancestor   |       |       |       |     2 |     1 ||     3
       Ancestor Life: Kn |       |       |       |     1 |       ||     1
       Idealise          |       |       |       |     1 |       ||     1
Evoke: Wand              |       |       |       |     3 |       ||     3
  Use: Potion            |       |     1 |     8 |     4 |     1 ||    14
       Scroll            |       |       |     7 |     8 |       ||    15
Armor: Leather armour    |     3 |    17 |    68 |       |       ||    88
       Steam dragon scal |       |       |    36 |   110 |       ||   146
       Skin              |       |       |     5 |       |       ||     5
Dodge: Dodged            |    12 |    45 |   185 |   175 |     6 ||   423

Table legend: (Time is in decaauts)
 A = Elapsed time spent in this place.
 B = Non-inter-level travel time spent in this place.
 C = Inter-level travel time spent in this place.
 D = Time resting spent in this place.
 E = Time spent auto-exploring this place.
 F = Levels seen in this place.
 G = Mean time per level.
                   A        B        C        D        E       F      G
               +--------+--------+--------+--------+--------+-----+--------+
         Total |  16585 |  16122 |    463 |   2331 |  10764 |  16 | 1036.6 |
       Dungeon |  13671 |  13238 |    433 |   1745 |   9231 |  12 | 1139.2 |
        Temple |    229 |    199 |     30 |      0 |    184 |   1 |  229.0 |
         Sewer |    961 |    961 |      0 |      0 |    785 |   1 |  961.0 |
        Bailey |   1006 |   1006 |      0 |    316 |    406 |   1 | 1006.0 |
      Gauntlet |    717 |    717 |      0 |    270 |    158 |   1 |  717.0 |
               +--------+--------+--------+--------+--------+-----+--------+

Top non-repeatable levels by time:
     D:6: 1580 daAuts
     D:4: 1491 daAuts
     D:2: 1400 daAuts
    D:10: 1364 daAuts
     D:7: 1306 daAuts
     D:5: 1128 daAuts
     D:1: 1082 daAuts
    D:11: 1030 daAuts
  Bailey: 1006 daAuts
     D:3: 996 daAuts
   Sewer: 961 daAuts
     D:8: 925 daAuts
     D:9: 736 daAuts
Gauntlet: 717 daAuts
    D:12: 629 daAuts
